 Dungeon Crawl Stone Soup version 0.31-a0-233-g139696dc86 (webtiles) character file.

Game seed: 11558681772894142925

69 qw the Shooter (level 4, -1/26 HPs)
             Began as a Gargoyle Hexslinger on July 8, 2023.
             Slain by Terence
             ... wielding a +0 flail
              (2 damage)
             ... on level 2 of the Dungeon.
             The game lasted 00:00:35 (911 turns).

qw the Shooter (Gargoyle Hexslinger)                 Turns: 911, Time: 00:00:35

Health: -1/26      AC:  8    Str: 11    XL:     4   Next: 20%
Magic:  5/5        EV: 10    Int: 14    God:
Gold:   69         SH:  5    Dex: 14    Spells: 4/5 levels left

rFire   . . .        Y - +1 sling
rCold   . . .        (no shield)
rNeg    + . .        k - +0 ring mail
rPois   inf          (no helmet)
rElec   +            (no cloak)
rCorr   .            (no gloves)
SInv    .            (no boots)
Will    .....        g - amulet of reflection
Stlth   +            (no ring)
HPRegen 0.24/turn    (no ring)
MPRegen 0.09/turn

%: reflection
@: no status effects
A: sickness immunity, AC +3, negative energy resistance 1, electricity
resistance, torment resistance 1, petrification resistance
a: no special abilities


You were on level 2 of the Dungeon.
You visited 1 branch of the dungeon, and saw 2 of its levels.

You collected 69 gold pieces.


Innate Abilities, Weirdness & Mutations

You are immune to sickness and miasma.
Your stone body is resilient. (AC +3)
You are immune to poison.
You resist negative energy. (rN+)
You are resistant to electric shocks. (rElec)
You are resistant to unholy torment.
You are immune to petrification.


   Skills:
 - Level 2.0 Fighting
 - Level 4.0 Ranged Weapons
 + Level 0.3 Armour
 - Level 1.5 Dodging
 - Level 1.0 Spellcasting
 - Level 2.6 Hexes


You had 4 spell levels left.
You knew the following spells:

 Your Spells              Type           Power      Damage    Failure   Level
a - Slow                  Hex            32%        N/A       22%         1

Your spell library contained the following spells:

 Spells                   Type           Power      Damage    Failure   Level
 Inner Flame              Hex/Fire       4%         N/A       73%         3
 Portal Projectile        Hex/Tloc       8%         N/A       73%         3
 Cause Fear               Hex            4%         N/A       91%         4

Inventory:

Hand Weapons
 Y - a +1 sling (weapon)
Armour
 k - a +0 ring mail (worn)
Jewellery
 a - a ring of wizardry
 g - an amulet of reflection (around neck)
Scrolls
 b - a scroll of vulnerability {unknown}
Potions
 d - a potion of enlightenment {unknown}
 e - 2 potions of cancellation {unknown}
 i - a potion of lignification {unknown}
 j - a potion of curing {unknown}

Dungeon Overview and Level Annotations

Branches:
Dungeon (2/15)

Altars:

Annotations:
D:1 1 transporter
D:2 Terence


Message History

Terence is heavily wounded.
Terence hits you with a +0 flail.
You shoot a sling bullet. The sling bullet barely misses Terence.
Terence hits you with a +0 flail. Terence barely misses you.
You shoot a sling bullet.
The sling bullet hits Terence but does no damage.
Terence is heavily wounded.
Terence hits you with a +0 flail.
You shoot a sling bullet.
The sling bullet hits Terence but does no damage.
Terence is heavily wounded.
Terence closely misses you.
You shoot a sling bullet. The sling bullet hits Terence.
Terence is heavily wounded.
Terence hits you with a +0 flail. Terence closely misses you.
You shoot a sling bullet.
The sling bullet hits Terence but does no damage.
Terence is heavily wounded.
Terence asks, "Do you want it fast or slow?"
Terence closely misses you.
You shoot a sling bullet.
The sling bullet hits Terence but does no damage.
Terence is heavily wounded.
You block Terence's attack.
You shoot a sling bullet. The sling bullet hits Terence.
Terence is almost dead.
Terence barely misses you. Terence closely misses you.
You shoot a sling bullet. The sling bullet barely misses Terence.
Terence hits you with a +0 flail.
You shoot a sling bullet. The sling bullet barely misses Terence.
Terence hits you but does no damage.
You shoot a sling bullet. The sling bullet barely misses Terence.
Terence hits you with a +0 flail. Terence barely misses you.
You shoot a sling bullet.
The sling bullet hits Terence but does no damage.
Terence is almost dead.
Terence hits you but does no damage.
You shoot a sling bullet. The sling bullet barely misses Terence.
Terence hits you with a +0 flail.
You die...

#. #...... #. #......
#. ....... #####.
....... ##..... .....
#.#.### #... ##..# #
#.#@## #########.###
#.##@####............
#.................#.#
#.##.####..#.....#...
#.#.#####..#........<
#..## #.........)...#
#### #.#..####...#.#
##.#..###.###..#
#........## ##.#
######..#.###.# ##.


You could see Terence.

Vanquished Creatures
  2 adders (D:2)
  A worm (D:2)
  A dart slug (D:1)
  3 bats
  4 endoplasms (D:1)
  A giant cockroach (D:1)
  8 goblins
  10 hobgoblins
  A kobold (D:2)
  4 ball pythons
  2 frilled lizards (D:1)
  5 rats
42 creatures vanquished.

Notes
Turn   | Place    | Note
-------+----------+-------------------------------------------
     0 | D:1      | qw the Gargoyle Hexslinger began the quest for the Orb.
     0 | D:1      | Reached XP level 1. HP: 12/12 MP: 2/2
     0 | D:1      | 0 ||| qw: Version: 0.3-a-46-gb1f654a
     0 | D:1      | 0 ||| qw: Game counter: 3502
     0 | D:1      | 0 ||| qw: Melee chars always use a shield: true
     0 | D:1      | 0 ||| qw: God list: Okawaru
     0 | D:1      | 0 ||| qw: Allow faded altars: false
     0 | D:1      | 0 ||| qw: Do Orc after clearing Dungeon:15 true
     0 | D:1      | 0 ||| qw: Do second Lair branch before Depths: true
     0 | D:1      | 0 ||| qw: Lair rune preference: random
     0 | D:1      | 0 ||| qw: Goals: Normal
     0 | D:1      | 0 ||| PLANNING D:1-11
   105 | D:1      | Reached XP level 2. HP: 16/16 MP: 3/3
   156 | D:1      | Reached skill level 3 in Ranged Weapons
   375 | D:1      | Reached XP level 3. HP: 19/21 MP: 4/4
   453 | D:1      | 453 ||| UPGRADING to +0 ring mail.
   463 | D:1      | 463 ||| DROPPING +0 robe.
   464 | D:1      | 464 ||| UPGRADING to amulet of reflection.
   469 | D:1      | 469 ||| READING 3 scrolls labelled PUTIUR WAISTAO.
   470 | D:1      | 470 ||| READING scroll labelled GOCAMY XYASO.
   471 | D:1      | 471 ||| READING scroll labelled QISETI PUGUED.
   472 | D:1      | 472 ||| DROPPING 2 scrolls of noise.
   473 | D:1      | 473 ||| DROPPING scroll of poison.
   580 | D:2      | HP: 5/21 [hobgoblin (2)]
   798 | D:2      | Reached XP level 4. HP: 26/26 MP: 5/5
   859 | D:2      | Reached skill level 4 in Ranged Weapons
   889 | D:2      | Noticed Terence
   907 | D:2      | HP: 5/26 [Terence/+0 flail (6)]
   909 | D:2      | HP: 1/26 [Terence/+0 flail (5)]
   911 | D:2      | Slain by Terence

Levels and vault maps discovered:
D:1:      spicycebolla_arrival_risky_transporter, layout_basic
D:2:      cheibrodos_greedy_goblins, layout_loops_ring,
          shapermc_ecumenical_altar_flowoftime, kennysheep_generic_room_7,
          uniq_terence

Skill      XL: |  1  2  3  4 |
---------------+-------------+-----
Ranged Weapons | 3 4 |  4.0
Fighting       | 2 |  2.0
Armour         | |  0.3
Dodging        | |  1.5
Spellcasting   | |  1.0
Hexes          | |  2.6

Action                     |  1- 3 |  4- 6 || total
---------------------------+-------+-------++-------
   Fire: Sling             |   138 |    32 ||   170
    Use: Scroll            |     3 |       ||     3
 Armour: Robe              |    12 |       ||    12
         Ring mail         |    44 |     2 ||    46
  Dodge: Dodged            |    55 |    14 ||    69
  Block: Other             |    21 |     3 ||    24

Table legend:
 A = Non-vault XP
 B = Vault XP
 C = Vault XP percentage of total XP
 D = Non-vault monster count
 E = Vault monster count
 F = Vault count percentage of total count
                 A         B        C        D         E       F
            +---------+---------+-------+---------+---------+-------
      Total |      78 |      21 |  21.2 |      31 |      11 |  26.2
            +---------+---------+-------+---------+---------+-------
        D:1 |      38 |       0 |   0.0 |      22 |       0 |   0.0
        D:2 |      40 |      21 |  34.4 |       9 |      11 |  55.0
            +---------+---------+-------+---------+---------+-------
